 Dungeon Crawl Stone Soup version 0.31.0-32-g396128a36d (webtiles) character file.

Game seed: 10119417917889887527

204 spaghetti the Sneak (level 5, -2/32 HPs)
             Began as a Tengu Chaos Knight on Mar 10, 2024.
             Was a Plaything of Xom.
             Shot with an arrow by a centaur (8 damage)
             ... on level 5 of the Dungeon.
             The game lasted 00:02:28 (1355 turns).

spaghetti the Sneak (Tengu Chaos Knight)            Turns: 1355, Time: 00:02:28

Health: -2/32      AC:  5    Str: 11    XL:     5   Next: 82%
Magic:  20/20      EV: 26    Int: 18    God:    Xom [....*.]
Gold:   129        SH:  0    Dex: 13    Spells: 4/4 levels left

rFire   . . .        d - +1 dagger (vamp)
rCold   + . .        (no shield)
rNeg    . . .        b - +2 leather armour
rPois   .            (helmet restricted)
rElec   .            (no cloak)
rCorr   .            (no gloves)
SInv    .            (boots unavailable)
Will    .....        c
                       - Hermit's Pendant {Faith Invo=14 Evo=0 MP+5}
Stlth   +++          (no ring)
HPRegen 1.05/turn    (no ring)
MPRegen 0.17/turn

%: acrobat, clarity, faith
@: acrobatic
A: beak, talons 3, acrobatic, clarity, clever 1, cold resistance 1, regeneration
1, evolution 1
a: Renounce Religion


You were on level 5 of the Dungeon.
You worshipped Xom.
You were a beloved toy of Xom.
You visited 1 branch of the dungeon, and saw 5 of its levels.

You collected 129 gold pieces.

Inventory:

Hand Weapons
 a - a +0 spear of chaos
 d - a +1 vampiric dagger (weapon)
Armour
 b - a +2 leather armour (worn)
Jewellery
 c - the Hermit's Pendant (around neck) {Faith Invo=14 Evo=0 MP+5}
   (Xom gifted it to you on level 3 of the Dungeon)

   [amulet of faith]

   Invo=14: It sets your Invocations skill to 14.
   Evo=0: It sets your Evocations skill to 0.
   Faith:     It allows you to gain divine favour quickly.
   MP+5:      It affects your magic capacity (+5).
Scrolls
 e - 2 scrolls of identify
Potions
 f - a potion of curing
 l - a potion of cancellation


   Skills:
 - Level 3.1 Fighting
 - Level 3.2 Polearms
 - Level 2.1 Armour
 - Level 1.1 Dodging
 + Level 5.8 Stealth


You had 4 spell levels left.
You didn't know any spells.
Your spell library contained the following spells:

 Spells                   Type           Power      Damage    Failure   Level
 Freeze                   Ice            0%         1d3       28%         1
 Frozen Ramparts          Ice            0%         1d1       65%         3
 Hailstorm                Conj/Ice       0%         3d5       65%         3


Dungeon Overview and Level Annotations

Branches:
Dungeon (5/15)
 Temple: D:4-7

Altars:
Trog
Yredelemnul

Annotations:
D:3 Terence


Innate Abilities, Weirdness & Mutations

You have a beak for a mouth.
You have claws for feet.
You can magically evade attacks while moving or waiting.
You possess an exceptional clarity of mind.
Your mind is acute. (Int +4, Str/Dex -1)
Your flesh is cold resistant. (rC+)
Your natural rate of healing is unusually fast.
You have hidden genetic potential.


Message History

You start resting.
HP restored.
Things that are here:
a +0 flail; a +0 leather armour; an orc corpse
e - 3 scrolls labelled QUANAGGUZA You now have 129 gold pieces (gained 16).
A centaur comes into view.
The centaur moves out of view.
Found a lajatang.
You see here 9 gold pieces.
As you read the scroll labelled QUANAGGUZA, it crumbles to dust.
It is a scroll of identify.
g - a scroll of summoning
Okay, then.
As you read the scroll of summoning, it crumbles to dust.
Wisps of shadow whirl around you...
The centaur wields a +1 orcbow of electrocution.
You hear the crackle of electricity.
The centaur shoots an arrow.
The arrow hits your orc. What are your orders? t - Shout!
Orders for allies: a - Attack new target. r - Retreat! s - Stop attacking. g - Guard the area. f - Follow me.
Anything else - Cancel.
Gang up on whom?
Press: ? - help, Dir - move target, f - centaur
Aim: a centaur, wielding a +1 orcbow of electrocution (not watching you, ally target) Attack!
The centaur shoots an arrow.
The arrow hits your orc!
Your orc dies!
Your orc's corpse dissolves into shadows!
The centaur shoots an arrow.
The arrow misses your hound.
Okay, then.
Okay, then.
The centaur shoots an arrow.
The arrow hits you.
You are electrocuted!
The centaur shoots an arrow.
The arrow hits you!
You are electrocuted!
* * * LOW HITPOINT WARNING * * *
The centaur shoots an arrow.
The arrow hits you!
You die...
Xom thinks this is hilarious!

. #..# .....
###.#...##..
#...#...# .
###......##
##....###.#
#####.....# .#
#.)..$###### .#
#..........#
#......@...#
#...##.....#
.........h.....#
###...##....c.###
#... #......# ...
.......# #
......## #####...


You could see a centaur (ally target) and a friendly hound (summoned).

Vanquished Creatures
  A bombardier beetle (D:3)
  A scorpion zombie (D:3)
  An adder (D:2)
  2 adder zombies (D:3)
  2 dart slugs (D:1)
  A ribbon worm (D:2)
  2 orcs (D:5)
  2 bats (D:1)
  2 endoplasms
  A giant cockroach (D:4)
  4 hobgoblins
  3 quokkas
  6 ball pythons
  2 goblins
  3 kobolds (D:1)
  3 rats
36 creatures vanquished.

Vanquished Creatures (others)
  Grinder (D:3)
1 creature vanquished.

Grand Total: 37 creatures vanquished

Notes
Turn   | Place    | Note
-------+----------+-------------------------------------------
     0 | D:1      | spaghetti the Tengu Chaos Knight began the quest for the
                  | Orb.
     0 | D:1      | Reached XP level 1. HP: 14/14 MP: 2/2
    95 | D:1      | Reached skill level 1 in Stealth
   117 | D:1      | Reached XP level 2. HP: 18/19 MP: 3/3
   156 | D:1      | Reached skill level 2 in Stealth
   278 | D:1      | Reached XP level 3. HP: 23/23 MP: 4/4
   395 | D:1      | XOM: divination: detect creatures
   536 | D:2      | Reached skill level 3 in Stealth
   673 | D:2      | XOM: give mutations
   673 | D:2      | Gained mutation: Your natural rate of healing is unusually
                  | fast. [Xom's grace]
   673 | D:2      | Gained mutation: You have hidden genetic potential. [Xom's
                  | grace]
   811 | D:2      | XOM is BORED!
   825 | D:2      | XOM: summons 2 hostile demons
   826 | D:2      | Noticed a chaos spawn
   829 | D:2      | XOM: butterfly on damage
   852 | D:2      | XOM: 4-stop teleportation journey
   862 | D:2      | XOM: 1-stop teleportation journey
   989 | D:3      | Reached skill level 4 in Stealth
   989 | D:3      | Reached XP level 4. HP: 28/28 MP: 5/5
  1000 | D:3      | Noticed Grinder
  1001 | D:3      | Noticed Terence
  1004 | D:3      | XOM: chaos cloud
  1014 | D:3      | Killed Grinder
  1015 | D:3      | Reached skill level 5 in Stealth
  1015 | D:3      | Reached XP level 5. HP: 27/32 MP: 6/6
  1015 | D:3      | Gained mutation: Your mind is acute. (Int +4, Str/Dex -1)
                  | [hidden potential]
  1023 | D:3      | Found a bloodstained altar of Trog.
  1080 | D:3      | XOM: give mutations
  1080 | D:3      | Gained mutation: You possess an exceptional clarity of
                  | mind. [Xom's grace]
  1080 | D:3      | Gained mutation: Your flesh is cold resistant. (rC+) [Xom's
                  | grace]
  1156 | D:3      | XOM: god gift: Hermit's Pendant {Faith Invo=14 Evo=0 MP+5}
  1157 | D:3      | Found the Hermit's Pendant {Faith Invo=14 Evo=0 MP+5}
  1157 | D:3      | Found a basalt altar of Yredelemnul.
  1300 | D:5      | Entered Level 5 of the Dungeon
  1304 | D:5      | XOM: smoke on damage
  1342 | D:5      | Noticed a centaur
  1355 | D:5      | Shot with an arrow by a centaur

Illustrated notes

Levels and vault maps discovered:
D:1:      minmay_arrival_up_and_down, layout_rooms
D:2:      layout_basic
D:3:      layout_loops_ring, nicolae_yredelemnul_corpse_copse,
          nicolae_overflow_hidden_temple, minmay_misc_feat_rugged,
          hangedman_glass_teeth, minmay_misc_feat_enclosed, roderic_batcave,
          minivault_14, st_stairs_1, uniq_terence, uniq_grinder
D:4:      minmay_door_path, layout_gridville, grunt_temple_overflow_diamond,
          uniq_duvessa, uniq_ijyb
D:5:      dreamdust_elfheim, layout_rooms, kennysheep_mini_moat,
          amcnicky_altar_gilded

Skill      XL: |  1  2  3  4 |
---------------+-------------+-----
Stealth        | 1 2 4 5 |  5.8
Fighting       | |  3.1
Polearms       | |  3.2
Armour         | |  2.1
Dodging        | |  1.1

Action                     |  1- 3 |  4- 6 || total
---------------------------+-------+-------++-------
  Melee: Dagger            |    78 |    51 ||   129
         Spear             |     5 |       ||     5
         Peck              |    16 |     9 ||    25
         Kick              |    20 |    14 ||    34
         Punch             |       |     1 ||     1
    Use: Scroll            |     5 |     4 ||     9
         Potion            |     5 |     1 ||     6
   Stab: Sleeping          |     3 |     4 ||     7
 Armour: Leather armour    |    41 |    56 ||    97
  Dodge: Dodged            |    49 |    52 ||   101
